Unix NetHack Version 5.0.0-0 post-release - last build Jul 19 2026 19:10:59 (3aa4ab31751d3886436d94b585a96704892fd477,branch:main).

Game began 2026-07-25 02:00:42, ended 2026-07-25 03:25:35.

Jinnora, neutral female human Tourist

  $..
  .@.
  .c.

Jinnora the Excursionist    St:12 Dx:13 Co:17 In:13 Wi:10 Ch:17  Neutral
Dlvl:8  $:25 HP:0(68) Pw:30(30) AC:-5 Xp:8/1660 T:10838  Stone

Latest messages:
 The killer bee misses!
 The killer bee stings!
 The killer bee stings!
 You miss the killer bee.
 The killer bee misses!
 The killer bee misses!
 The killer bee misses!
 You miss the killer bee.
 The killer bee stings!
 The killer bee stings!
 The killer bee misses!
 The killer bee stings!
 The killer bee misses!
 You miss the killer bee.
 The killer bee misses!
 The killer bee stings!
 The killer bee misses!
 The killer bee misses!
 The killer bee stings!
 You miss the killer bee.
 The killer bee misses!
 The killer bee misses!
 The killer bee just misses!
 The killer bee misses!
 The killer bee stings!
 The killer bee just misses!
 The killer bee stings!
 You descend the stairs.
 You miss the chickatrice.
 You hit the chickatrice.
 The chickatrice bites!
 The chickatrice touches you!
 You hear the chickatrice's hissing!
 You miss the chickatrice.
 The chickatrice bites!
 The chickatrice touches you!
 You hit the chickatrice!
 The chickatrice bites!
 The chickatrice touches you!
 You hear the chickatrice's hissing!
 You are slowing down.
 You hit the chickatrice!
 Your limbs are stiffening.
 You hit the chickatrice!
 Your limbs have turned to stone.
 You have turned to stone.
 The chickatrice bites!
 The chickatrice touches you!
 You are a statue.
 Do you want your possessions identified? [ynq] (y) q

Inventory:
 Coins    ('$')
  $ - 25 gold pieces
 Weapons  (')')
  Z - an uncursed +0 dwarvish mattock (weapon in hands)
 Armor    ('[')
  i - an uncursed +0 elven leather helm (being worn)
  T - an uncursed +0 pair of iron shoes (being worn)
  U - a blessed rotted +2 dwarvish cloak (being worn)
  k - an uncursed +0 Hawaiian shirt with a jellyfish motif (being worn)
  K - a blessed +5 elven mithril-coat (being worn)
 Wands    ('/')
  L - an uncursed wand of cancellation (0:5)
  h - an uncursed wand of digging (0:2)
  E - a blessed wand of magic missile (0:4)
  o - an uncursed wand of magic missile (0:4)
 Tools    ('(')
  s - an uncursed bag of holding containing 35 items
  F - an uncursed expensive camera (0:89)
  M - an uncursed skeleton key

Contents of the bag of holding:
  1014 gold pieces
  16 uncursed +2 darts
  40 uncursed +0 darts
  an uncursed slime mold
  an uncursed candy bar labeled "Nilla Crunchie"
  6 uncursed food rations
  an uncursed pancake
  an uncursed lichen corpse
  an uncursed scroll of create monster
  a blessed scroll of gold detection
  an uncursed scroll of earth
  a cursed scroll of genocide
  a cursed scroll of light
  an uncursed scroll of taming
  an uncursed scroll of food detection
  a cursed scroll of food detection
  a blessed scroll of magic mapping
  4 uncursed scrolls of magic mapping
  2 uncursed scrolls of remove curse
  a blessed potion of booze
  an uncursed potion of booze
  an uncursed potion of enlightenment
  2 uncursed potions of levitation
  an uncursed potion of see invisible
  an uncursed potion of invisibility
  a cursed potion of restore ability
  an uncursed potion of sickness
  an uncursed potion of speed
  an uncursed potion of object detection
  a cursed potion of object detection
  2 uncursed potions of extra healing
  a blessed potion of gain level
  4 uncursed potions of healing
  an uncursed tallow candle
  an uncursed expensive camera (0:89)

Jinnora the Tourist's attributes:

Background:
 You were an Excursionist, a level 8 female human Tourist.
 You were neutral, on a mission for The Lady
 who was opposed by Blind Io (lawful) and Offler (chaotic).
 You were right-handed.
 You were in the Dungeons of Doom, on level 8.
 You entered the dungeon 10838 turns ago.
 It was nighttime.
 You had 1660 experience points, 900 more were needed to attain level 9.

Basics:
 You had 0 out of 68 hit points.
 You had all 30 energy points (spell power).
 Your armor class was -5.
 Your wallet contained 25 zorkmids, and
 you had 1014 more stashed away in your pack.
 Autopickup was off.

Final Characteristics:
 Your strength was 12 (peak:14, limit:18/100).
 Your dexterity was 13 (limit:18).
 Your constitution was 17 (limit:18).
 Your intelligence was 13 (limit:18).
 Your wisdom was 10 (limit:18).
 Your charisma was 17 (limit:18).

Final Status:
 You turned into stone.
 You weren't hungry.
 You were unencumbered.
 You were wielding a mattock.
 You had basic skill with pick-axe.

Final Attributes:
 You were piously aligned.
 Your items were somewhat protected from fire.
 You were cold resistant.
 Your items were somewhat protected from cold.
 You were sleep resistant.
 You were shock resistant.
 You were telepathic.
 You were guarded.
 Your spell casting was impaired by metallic armor.
 You are dead.

Miscellaneous:
 You didn't encounter any bones levels.
 Total elapsed playing time was 1 hour, 24 minutes and 52 seconds.

Major events:
 Turn
    1: Jinnora the neutral female human Tourist entered the dungeon
  836: attained the rank of Sightseer (level 3)
 2088: entered the Gnomish Mines
 2984: reached Mine Town
 5852: attained the rank of Excursionist (level 6)
 6606: read a Discworld novel
10838: petrified by a chickatrice

Spells:
 Name                 Level Category     Fail Retention
 slow monster           2   enchantment  100%  76%-100%
 confuse monster        1   enchantment   99%  76%-100%
 chain lightning        2   attack       100%  76%-100%
 healing                1   healing      100%  76%-100%

Skills:
 Fighting Skills
   bare handed combat [Unskilled]
   two weapon combat  [Unskilled]
   riding             [Unskilled]
 Weapon Skills
   dagger             [Unskilled]
   knife              [Unskilled]
   axe                [Unskilled]
   pick-axe           [Basic]
   short sword        [Unskilled]
   broadsword         [Unskilled]
   long sword         [Unskilled]
   two-handed sword   [Unskilled]
   saber              [Unskilled]
   mace               [Unskilled]
   morning star       [Unskilled]
   flail              [Unskilled]
   hammer             [Unskilled]
   quarterstaff       [Unskilled]
   polearms           [Unskilled]
   spear              [Unskilled]
   trident            [Unskilled]
   lance              [Unskilled]
   bow                [Unskilled]
   sling              [Unskilled]
   crossbow           [Unskilled]
   dart               [Basic]
   shuriken           [Unskilled]
   boomerang          [Unskilled]
   whip               [Unskilled]
   unicorn horn       [Unskilled]
 Spellcasting Skills
   divination spells  [Unskilled]
   enchantment spells [Unskilled]
   escape spells      [Unskilled]

Voluntary challenges:
 Character rerolling was not enabled.
 You never genocided any monsters.
 You never polymorphed an object.
 You never changed form.
 You used no wishes.
Achievements:
 You entered a shop.
 You attained the rank of Sightseer.
 You entered the Gnomish Mines.
 You entered Minetown.
 You entered a temple.
 You attained the rank of Excursionist.
 You read from a Discworld novel.

 The Dungeons of Doom: levels 1 to 8
    Level 1:
       A fountain, a grave.
    Level 2:
       A scroll shop.
    Level 3:
    Level 4:
       Stairs down to The Gnomish Mines.
    Level 5:
       A fountain.
    Level 6:
       An altar to The Lady, a fountain.
    Level 7:
    Level 8: <- You were here.
       Final resting place for
          you, petrified by a chickatrice.
 The Gnomish Mines: levels 5 to 8
    Level 5:
    Level 6:
    Level 7:
    Level 8:
       Many shops, a temple and an altar to The Lady, some fountains.


Vanquished creatures:
  a small mimic
  a warhorse
  2 giant beetles
  3 quivering blobs
  a leprechaun
  2 iron piercers
  a giant spider
  2 black lights
  a vampire bat
  2 gnome rulers
  4 brown puddings
  2 yetis
  a gold golem
  a lizard
  a dingo
  2 dogs
  2 jaguars
  a dust vortex
  2 snakes
  2 rope golems
  4 Woodland-elves
  2 fire ants
 an imp
  2 wood nymphs
  a water nymph
  4 Uruk-hai
  3 rock piercers
  a rock mole
  a pony
  3 fog clouds
  2 yellow lights
  a shrieker
  a violet fungus
  3 gnome leaders
  2 gnomish wizards
  a gray ooze
  a straw golem
  a paper golem
 13 giant ants
  3 floating eyes
  6 dwarves
  4 homunculi
  2 kobold leaders
  8 rothes
  3 giant bats
  a monkey
  3 orc zombies
  a wererat
  2 werejackals
  7 iguanas
 16 killer bees
  4 acid blobs
  2 gas spores
  5 hobbits
  7 manes
  2 large kobolds
  3 hobgoblins
  4 giant rats
  3 cave spiders
  a yellow mold
  a green mold
  a red mold
 21 gnomes
  2 garter snakes
  a gnome zombie
  5 geckos
 17 jackals
  a fox
  2 kobolds
  3 goblins
  6 sewer rats
  5 grid bugs
  4 bats
  7 lichens
  a kobold zombie
  4 newts
249 creatures vanquished.

No species were genocided or became extinct.

Game over:
                       ----------
                      /          \
                     /    REST    \
                    /      IN      \
                   /     PEACE      \
                  /                  \
                  |     Jinnora      |
                  |     1039 Au      |
                  |  petrified by a  |
                  |   chickatrice    |
                  |                  |
                  |                  |
                  |       2026       |
                 *|     *  *  *      | *
        _________)/\\_//(\/(/\)/\//\/|_)_______

Aloha Jinnora the Tourist...

You turned to stone in The Dungeons of Doom on dungeon level 8 with 7510 points,
and 1039 pieces of gold, after 10838 moves.
You were level 8 with a maximum of 68 hit points when you turned to stone.

